 Dungeon Crawl Stone Soup version 0.30-a0-613-gdd512c7efb (webtiles) character file.

Game seed: 6090434057034714504

7035 DeadOnArrival the Cleaver (level 10, 0/94 HPs)
             Began as a Minotaur Monk on Jan 8, 2023.
             Was an Elder of Okawaru.
             Slain by an orc warlord
             ... wielding a +10 battleaxe
              (4 damage)
             ... in a bailey.
             The game lasted 00:29:09 (9254 turns).

DeadOnArrival the Cleaver (Minotaur Monk)           Turns: 9254, Time: 00:29:09

Health: 0/94       AC: 13    Str: 26    XL:     10   Next: 83%
Magic:  11/13      EV: 21    Int:  7    God:    Okawaru [****..]
Gold:   502        SH:  0    Dex: 16    Spells: 9/9 levels left

rFire   . . .      SeeInvis .    a - +1 whip (elec)
rCold   . . .      Faith    .    (no shield)
rNeg    + . .      Spirit   .    O - +0 acid dragon scales
rPois   .          Reflect  .    (helmet restricted)
rElec   .          Harm     .    z - +0 cloak
rCorr   +          Rampage  .    (no gloves)
Will    .....                    A - +0 pair of boots
Stlth   +++                      (no amulet)
HPRegen 0.35/turn                E - +5 ring of evasion
MPRegen 0.13/turn                L - ring "Naonom" {rN+ Str+6 Dex+3}

@: heroic
A: horns 2, retaliatory headbutt
a: Renounce Religion, Heroism, Finesse


You were in a bailey.
You worshipped Okawaru.
Okawaru was greatly pleased with you.
You visited 2 branches of the dungeon, and saw 10 of its levels.
You also visited: Bailey.

You collected 552 gold pieces.
You spent 50 gold pieces at shops.


Innate Abilities, Weirdness & Mutations

You have a pair of horns on your head.
You reflexively headbutt those who attack you in melee.


   Skills:
 + Level 10.9(15.9) Fighting
 + Level 12.1(17.1) Axes
 + Level 10.2(15.2) Armour
 - Level 3.4(8.4) Dodging
 - Level 1.5(6.5) Stealth
 + Level 5.9 Invocations


You had 9 spell levels left.
You didn't know any spells.
Your spell library contained the following spells:

 Spells                   Type           Power      Damage    Failure   Level
 Apportation              Tloc           0%         N/A       47%         1
 Foxfire                  Conj/Fire      0%         2x1d4     47%         1
 Gell's Gravitas          Tloc           0%         N/A       85%         3
 Teleport Other           Tloc           0%         N/A       85%         3
 Alistair's Intoxication  Tmut/Pois      0%         N/A       100%        5
 Fireball                 Conj/Fire      0%         3d3       100%        5
 Conjure Ball Lightning   Conj/Air       0%         3x3d6     100%        6
 Dispersal                Tloc           0%         N/A       100%        6
 Starburst                Conj/Fire      0%         6d3       100%        6
 Discord                  Hex            0%         N/A       100%        8
 Disjunction              Tloc           0%         N/A       100%        8

Inventory:

Hand Weapons
 a - a +1 whip of electrocution (weapon)
   (You took it off Pikel on level 8 of the Dungeon)
 b - a -1 triple crossbow
   (You bought it in a shop on level 7 of the Dungeon)
 i - a +0 broad axe
   (You took it off an orc warrior in a bailey)
 w - a +2 flail of holy wrath
   (You took it off an orc on level 3 of the Dungeon)
Missiles
 g - a curare-tipped dart {=f}
 C - 12 poisoned darts
 G - a silver boomerang (quivered)
 I - 5 boomerangs
Armour
 z - a +0 cloak (worn)
   (You found it on level 4 of the Dungeon)
 A - a +0 pair of boots (worn)
   (You found it on level 1 of the Dungeon)
 O - +0 acid dragon scales (worn)
   (You took it off Maggie on level 8 of the Dungeon)
Jewellery
 f - a ring of protection from fire
   (You found it on level 4 of the Dungeon)
 E - a +5 ring of evasion (left hand)
   (You found it on level 3 of the Dungeon)
 L - the ring "Naonom" (right hand) {rN+ Str+6 Dex+3}
   (You found it on level 8 of the Dungeon)

   [ring of strength]

   Str:       It affects your strength (+6).
   Dex:       It affects your dexterity (+3).
   rN:        It protects you from negative energy.
 N - a ring of positive energy
   (You found it on level 8 of the Dungeon)
Wands
 c - a wand of flame (39)
   (You took it off Robin on level 3 of the Dungeon)
 H - a wand of paralysis (12)
   (You found it on level 6 of the Dungeon)
 J - a wand of mindburst (7)
   (You found it on level 4 of the Dungeon)
Scrolls
 e - a scroll of immolation {unknown}
 j - 10 scrolls of identify {@r1}
 k - 2 scrolls of fog {unknown}
 l - 2 scrolls of teleportation {unknown}
 m - 2 scrolls of amnesia {unknown}
 r - a scroll of brand weapon {unknown}
 s - 2 scrolls of magic mapping {!r}
 t - 2 scrolls of fear {unknown}
 x - a scroll of poison {!r}
 K - 2 scrolls of butterflies {unknown}
 P - a scroll of blinking {unknown}
Potions
 d - 2 potions of brilliance {unknown}
 h - a potion of experience
 n - 3 potions of flight {unknown}
 o - 3 potions of heal wounds {@q2}
 q - 3 potions of berserk rage {unknown}
 u - a potion of lignification {unknown}
 v - 2 potions of might {unknown}
 B - a potion of attraction {unknown}
 Q - 5 potions of mutation {unknown}

Dungeon Overview and Level Annotations

Branches:
Dungeon (9/15) Zot: 26663  Temple (1/1) D:5 Zot: 5927    Lair (0/5) D:8
 Bailey (1/1) Zot: 5592
    Orc: D:9-12

Altars:
Ashenzari
Cheibriados
Dithmenos
Elyvilon
Fedhas
Gozag
Hepliaklqana
Kikubaaqudgha
Makhleb
Nemelex Xobeh
Okawaru
Qazlal
Ru
Sif Muna
Trog
Uskayaw
Vehumet
Wu Jian
Xom
Yredelemnul
Zin
The Shining One

Shops:
D:7 *

Annotations:
D:7 3 runed translucent doors, sokol815's ghost, novice OpEE

###.....### ###...
##§§§§§§§§.###.....
#§§§§§§§§§..#......
#§§§§§§§§§..'.o....
#§§§§§§§§§..#))...⌠
#§§§§§§§§§..#....o.
#§§§§§o§§§..#...... ♣♣*
###§o§§§§§§.###..... ♣.♣♣♣♣♣♣
###.#@#.....###,###...
♣......♣###§§§§§###.###,,,,,###.
♣♣......##§§§§§§§§.###,,,,,,,,,##
♣.......#§§§§§§§§§§.#,,,,,,,,,,*#
........)§§§§§§§§§§§#,,,,,,,,,,,#
...∩.∩..'§§§§§§§§§§§#,,,,,,,,,,.'
........'§§§§§§§§§§§#,,,,,,,,,..#
♣.......#§§§§§§§§§§§#,,,,,,,,.o##
♣.......##.........###,,,,,,,..*#


You could see an orc warlord and an orc warrior (strong).


Message History

No target in view!
No target in view!
No target in view!
h - a potion of experience You now have 502 gold pieces (gained 114).
Things that are here:
a +0 broad axe; a +0 plate armour; an orc corpse
i - a +0 broad axe 😕 HP[+1]
You start resting. 😎 HP[+8]
Your hp is fully restored (94).
Things that are here:
a +0 war axe; a +0 plate armour An orc warlord comes into view.
It is wielding a +10 battleaxe.
The orc warlord shouts!
An orc warrior comes into view. It is wielding a +0 war axe.
The orc warlord roars a battlecry!
The orc warrior goes into a battle-frenzy!
There is an open door here.
Things that are here:
a +0 hand axe; a +0 leather armour
Things that are here:
a +0 war axe; a +0 plate armour
Things that are here:
a +0 plate armour; an orc corpse An orc comes into view.
It is wielding a +0 hand axe.
The orc shouts!
There is an open door here.
Okay, then.
Aiming: Paralyse
Press: ? - help, Shift-Dir - straight line, f - orc warlord
Aim: an orc warlord, wielding a +10 battleaxe and wearing a +0 chain mail (chance to affect: 17%)
The orc warlord resists with almost no effort.
Aiming: Paralyse
Press: ? - help, Shift-Dir - straight line, f/p - orc warlord
Aim: an orc warlord, wielding a +10 battleaxe and wearing a +0 chain mail (chance to affect: 17%)
The orc warlord resists with almost no effort.
The orc warlord roars a battlecry!
The orc goes into a battle-frenzy!
The orc closely misses you. You furiously retaliate!
You headbutt the orc.
Aiming: Paralyse
Press: ? - help, Shift-Dir - straight line, f/p - orc warlord
Aim: an orc warlord, wielding a +10 battleaxe and wearing a +0 chain mail (chance to affect: 17%)
The orc warlord resists with almost no effort.
The orc hits you with a +0 hand axe. 😕 HP[-2]
You take 2 damage, and now have 92/94 hp.
The orc attacks as you move away! The orc barely misses you.
The orc warlord roars a battlecry!
The orc warrior goes into a battle-frenzy! 😕 HP[+1]
Aiming: Paralyse
Press: ? - help, Shift-Dir - straight line, f/p - orc warlord
Aim: an orc warlord, wielding a +10 battleaxe and wearing a +0 chain mail (chance to affect: 17%)
The orc warlord resists with almost no effort.
The orc misses you. You furiously retaliate!
You headbutt the orc!
You kill the orc!
Okawaru accepts your kill. 😎 HP[+1]
Your hp is fully restored (94).
The orc warlord attacks as you move away!
The orc warlord hits you with a +10 battleaxe!! 😮 HP[-25]
You take 25 damage, and now have 69/94 hp.
MASSIVE DAMAGE!! (PAUSE)
The orc warlord attacks as you move away!
The orc warlord hits you with a +10 battleaxe!
There is an open door here. 😮 HP[-14]
You take 14 damage, and now have 55/94 hp.
Really read
x - 2 scrolls of poison {!r}?
Really read the scroll of poison?
The air fills with toxic fumes!
As you read the scroll of poison {!r}, it crumbles to dust.
The orc warlord hits you with a +10 battleaxe!
* * * LOW HITPOINT WARNING * * *
😨 HP[-12]
You take 12 damage, and now have 43/94 hp.
Okay, then.
Okay, then.
Okay, then.
You gain the combat prowess of a mighty hero.
You can no longer enter into single combat with a foe.
Okawaru will no longer gift you equipment.
The orc warlord hits you with a +10 battleaxe!!
* * * LOW HITPOINT WARNING * * *
😱 HP[-29] MP[-2]
You take 29 damage, and now have 14/94 hp.
MASSIVE DAMAGE!! (PAUSE)
You lost 2 mp, and now have 11/13 mp.
You feel much better.
The orc warlord hits you with a +10 battleaxe!!
* * * LOW HITPOINT WARNING * * *
😱 HP[-10]
You take 10 damage, and now have 4/94 hp.
As you read the scroll labelled XORIMU FISTI, it crumbles to dust.
You feel aware of your surroundings.
It was a scroll of magic mapping.
The orc warlord hits you with a +10 battleaxe.
You die...

Skill      XL: |  1  2  3  4  5  6  7  8  9 10 |
---------------+-------------------------------+-----
Axes           | 4 5 6 7 8 9 11 12 | 12.1
Fighting       | 4 5 6 8 9 10 | 10.9
Armour         | 1 2 3 4 5 7 8 10 | 10.2
Invocations    | 4 5 |  5.9
Dodging        | |  3.4
Stealth        | |  1.5

Action                   |  1- 3 |  4- 6 |  7- 9 | 10-12 || total
-------------------------+-------+-------+-------+-------++-------
Melee: Hand axe          |    64 |   107 |       |       ||   171
       Headbutt          |    11 |    26 |    60 |    44 ||   141
       Punch             |       |     4 |     7 |     3 ||    14
       War axe           |       |    53 |    23 |       ||    76
       Whip              |       |       |   257 |   165 ||   422
       Flail             |       |       |       |    11 ||    11
 Fire: Triple crossbow   |       |       |     9 |    33 ||    42
Throw: Dart              |    14 |    12 |    19 |       ||    45
       Stone             |       |     1 |     7 |       ||     8
       Boomerang         |       |       |     9 |       ||     9
Invok: Heroism           |       |       |       |     1 ||     1
Evoke: Wand              |       |       |       |     4 ||     4
  Use: Potion            |       |     3 |       |     3 ||     6
       Scroll            |       |       |     2 |     2 ||     4
 Stab: Invisible         |       |       |       |     3 ||     3
Armor: Robe              |     2 |       |       |       ||     2
       Ring mail         |    29 |    80 |    41 |       ||   150
       Acid dragon scale |       |       |    14 |    37 ||    51
Dodge: Dodged            |    47 |   131 |   223 |   176 ||   577

Levels and vault maps discovered:
D:1:      kennysheep_arrival_seaside, layout_rooms, basic_ecumenical_altar
D:2:      layout_basic
D:3:      layout_rooms, uniq_robin
D:4:      layout_basic, mainiacjoe_overflow_boulevard, old_standard_altar,
          uniq_pargi
D:5:      layout_basic, minmay_temple_entry_trees, uniq_menkaure, uniq_ijyb
D:6:      layout_basic, lightli_temple_of_fire, minmay_crystal_water
D:7:      layout_loops_corners, gammafunk_temple_overflow_statue,
          gammafunk_ghost_split, minmay_shop_damaged, kennysheep_another_room,
          amcnicky_mini_corridor_feature, wad_floor_pattern_2,
          kennysheep_generic_room_7
D:8:      layout_cave_pools, erik_lair_orcish_takeover, nicolae_titane,
          uniq_maggie, uniq_pikel
D:9:      layout_rooms, serial_undead, serial_undead_a, serial_undead_b,
          serial_undead_d, serial_undead_c, enter_bailey_7
Temple:   hellmonk_temple_divided_pantheon
Bailey:   bailey_axe_minmay_hex_keep, bailey

Notes
Turn   | Place    | Note
-------+----------+-------------------------------------------
     0 | D:1      | DeadOnArrival the Minotaur Monk began the quest for the
                  | Orb.
     0 | D:1      | Reached XP level 1. HP: 19/19 MP: 0/0
     0 | D:1      | magus.rc [v1.11.4]
   143 | D:1      | Found a faded altar of an unknown god.
   149 | D:1      | Reached skill level 4 in Axes
   165 | D:1      | Reached XP level 2. HP: 20/27 MP: 1/1
   407 | D:1      | Reached skill level 4 in Fighting
   407 | D:1      | Reached skill level 1 in Armour
   407 | D:1      | Reached XP level 3. HP: 21/33 MP: 2/2
  1268 | D:3      | Noticed Robin
  1288 | D:3      | Noticed a black bear
  1291 | D:3      | Reached XP level 4. HP: 12/40 MP: 3/3
  1293 | D:3      | HP: 7/40 [orc/+0 mace (6)]
  1298 | D:3      | HP: 1/40 [orc/+0 club (3)]
  1305 | D:2      | Reached skill level 5 in Axes
  1880 | D:3      | Reached skill level 2 in Armour
  2300 | D:3      | Killed Robin
  2553 | D:3      | Reached XP level 5. HP: 26/47 MP: 4/4
  2850 | D:4      | Found a sparkling altar of Nemelex Xobeh.
  3061 | D:4      | Reached skill level 6 in Axes
  3061 | D:4      | Reached skill level 3 in Armour
  3063 | D:4      | Found a snail-covered altar of Cheibriados.
  3081 | D:4      | Reached skill level 5 in Fighting
  3207 | D:4      | Noticed Pargi
  3220 | D:4      | Killed Pargi
  3221 | D:4      | Reached XP level 6. HP: 55/56 MP: 5/5
  3430 | D:5      | Entered Level 5 of the Dungeon
  3498 | D:5      | Reached skill level 7 in Axes
  3522 | D:5      | Reached skill level 4 in Armour
  3545 | D:5      | You pick up a book of Chaos and begin reading...
  3545 | D:5      | You add the spells Conjure Ball Lightning, Disjunction and
                  | Discord to your library.
  3603 | D:5      | HP: 14/56 [orc priest/+0 whip of freezing (2)]
  3606 | D:5      | HP: 5/56 [something (2)]
  3610 | D:5      | Reached XP level 7. HP: 15/62 MP: 6/6
  3818 | D:5      | Noticed Menkaure
  3867 | D:5      | Killed Menkaure
  3868 | D:5      | Reached skill level 6 in Fighting
  3871 | D:5      | Reached skill level 8 in Axes
  4011 | D:5      | Reached skill level 5 in Armour
  4275 | D:5      | Noticed Ijyb
  4429 | D:5      | Reached XP level 8. HP: 36/71 MP: 7/7
  4611 | D:5      | Found a staircase to the Ecumenical Temple.
  4617 | Temple   | Entered the Ecumenical Temple
  4617 | Temple   | Found a transporter.
  4617 | Temple   | Found a transporter.
  4619 | Temple   | Found a transporter.
  4619 | Temple   | Found a transporter.
  4674 | Temple   | Became a worshipper of Warmaster Okawaru
  4674 | Temple   | Reached * piety under Okawaru
  4674 | Temple   | Reached ** piety under Okawaru
  4769 | D:5      | Reached skill level 7 in Fighting
  4769 | D:5      | Reached skill level 9 in Axes
  4818 | D:5      | Killed Ijyb
  4858 | D:5      | You pick up a book of Fire and begin reading...
  4858 | D:5      | You add the spells Foxfire, Fireball and Starburst to your
                  | library.
  5048 | D:6      | Reached skill level 6 in Armour
  5322 | D:6      | You pick up a book of Party Tricks and begin reading...
  5322 | D:6      | You add the spells Apportation and Alistair's Intoxication
                  | to your library.
  5569 | D:6      | Reached skill level 8 in Fighting
  5626 | D:6      | Reached skill level 7 in Armour
  5730 | D:6      | Found a bloodstained altar of Trog.
  5790 | D:6      | Reached XP level 9. HP: 80/81 MP: 8/8
  5824 | D:6      | Reached *** piety under Okawaru
  5825 | D:6      | Reached skill level 10 in Axes
  6095 | D:7      | Found a runed translucent gate.
  6096 | D:7      | Found a runed translucent gate.
  6096 | D:7      | Found a runed translucent gate.
  6097 | D:7      | Noticed sokol815's ghost (novice OpEE)
  6107 | D:7      | Found an ornate altar of the Wu Jian Council.
  6108 | D:7      | Found a radiant altar of Vehumet.
  6132 | D:7      | Reached skill level 1 in Invocations
  6496 | D:7      | Reached skill level 2 in Invocations
  6846 | D:7      | Found Wuphasace's Lightly-Used Armoury.
  6851 | D:7      | Bought a -1 triple crossbow for 50 gold pieces
  7231 | D:8      | Reached skill level 9 in Fighting
  7231 | D:8      | Reached skill level 8 in Armour
  7246 | D:8      | You add the spells Gell's Gravitas, Teleport Other and
                  | Dispersal to your library.
  7283 | D:8      | Noticed Maggie
  7300 | D:8      | Killed Maggie
  7301 | D:8      | Reached skill level 3 in Invocations
  7566 | D:8      | Noticed Pikel
  7575 | D:8      | Killed Pikel
  7575 | D:8      | Reached **** piety under Okawaru
  7576 | D:8      | Reached skill level 11 in Axes
  7576 | D:8      | Reached skill level 4 in Invocations
  7576 | D:8      | Reached XP level 10. HP: 87/92 MP: 10/12
  7678 | D:8      | Noticed a two-headed ogre
  7685 | D:8      | Reached skill level 9 in Armour
  7692 | D:8      | Killed a two-headed ogre
  7693 | D:8      | Reached skill level 10 in Fighting
  7887 | D:8      | Identified the ring "Naonom" {rN+ Str+6 Dex+3}
  7924 | D:8      | Found a staircase to the Lair.
  8520 | D:9      | Reached skill level 5 in Invocations
  8595 | D:8      | HP: 21/94 [orc priest/divine providence (12)]
  8627 | D:9      | HP: 23/94 [orc wizard/+0 dagger (3)]
  8635 | D:9      | HP: 13/94 [orc priest/nerve-wracking pain (1)]
  8642 | D:9      | HP: 14/94 [unseen horror zombie (1)]
  8646 | D:9      | Reached ***** piety under Okawaru
  8652 | D:9      | HP: 7/94 [hornet (10)]
  8654 | D:9      | Reached skill level 12 in Axes
  8654 | D:9      | Reached skill level 10 in Armour
  8688 | D:9      | Found a flagged portal.
  8839 | Bailey   | Entered a bailey
  9226 | Bailey   | Noticed an orc warlord
  9252 | Bailey   | HP: 14/94 [orc warlord/+10 battleaxe (29)]
  9253 | Bailey   | HP: 4/94 [orc warlord/+10 battleaxe (28)]
  9254 | Bailey   | Slain by an orc warlord

Vanquished Creatures
  A two-headed ogre (D:8)
  Pikel (D:8)
  Maggie (D:8)
  2 unseen horror zombies (D:9)
  2 hornets
  A wyvern (D:8)
  A steam dragon (D:6)
  2 wargs
  Menkaure (D:5)
  Pargi (D:4)
  4 ice beasts
  7 orc warriors
  3 black bears
  3 sky beasts
  An ogre (D:5)
  2 centaurs
  2 phantoms
  3 lemures (D:8)
  A kobold brigand (D:8)
  3 bullfrogs
  3 necrophages
  A scorpion (D:6)
  A gnoll sergeant (D:7)
  3 wights (D:9)
  A howler monkey (D:6)
  2 gnoll boudas
  2 jellies
  2 centaur zombies (D:9)
  9 orc priests
  4 hounds
  Ijyb (D:5)
  3 iguanas
  7 orc wizards
  A howler monkey zombie (D:9)
  Robin (D:3)
  26 gnolls
  An adder (D:6)
  2 ufetubi (D:5)
  2 dart slugs (D:4)
  57 orcs
  6 bats
  5 endoplasms
  4 giant cockroaches
  29 goblins
  15 hobgoblins
  7 jackals
  3 quokkas
  3 ball pythons
  A frilled lizard (D:1)
  11 kobolds
  7 rats
262 creatures vanquished.

Vanquished Creatures (others)
  An orc priest (D:9)
  A withered plant (D:9)
2 creatures vanquished.

Grand Total: 264 creatures vanquished

Table legend:
 A = Non-vault XP
 B = Vault XP
 C = Vault XP percentage of total XP
 D = Non-vault monster count
 E = Vault monster count
 F = Vault count percentage of total count
                 A         B        C        D         E       F
            +---------+---------+-------+---------+---------+-------
      Total |    6057 |    3993 |  39.7 |     182 |      78 |  30.0
            +---------+---------+-------+---------+---------+-------
        D:1 |      67 |       0 |   0.0 |      26 |       0 |   0.0
        D:2 |      57 |      13 |  18.6 |      16 |       7 |  30.4
        D:3 |      45 |      21 |  31.8 |      17 |       4 |  19.0
        D:4 |     280 |     141 |  33.5 |      25 |       1 |   3.8
        D:5 |     979 |     208 |  17.5 |      25 |       2 |   7.4
        D:6 |    1114 |       0 |   0.0 |      19 |       0 |   0.0
        D:7 |     746 |     442 |  37.2 |      22 |       4 |  15.4
        D:8 |    2292 |    1421 |  38.3 |      22 |       9 |  29.0
        D:9 |     477 |    1064 |  69.0 |      10 |      12 |  54.5
     Bailey |       0 |     683 | 100.0 |       0 |      39 | 100.0
            +---------+---------+-------+---------+---------+-------

Illustrated notes

Table legend:
 A = Kills in this place as a percentage of kills in entire the game.
 B = Kills by you in this place as a percentage of kills by you in the entire game.
 C = Kills by friends in this place as a percentage of kills by friends in the entire game.
 D = Other kills in this place as a percentage of other kills in the entire game.
 E = Experience gained in this place as a percentage of experience gained in the entire game.
 F = Experience gained in this place divided by the number of levels of this place that you have seen.
                   A       B       C       D       E      F
               +-------+-------+-------+-------+-------+----------------------
         Total | 100.0 | 100.0 |   N/A | 100.0 | 100.0 | 913.6
       Dungeon |  85.0 |  84.9 |   N/A | 100.0 |  93.2 | 1040.8
        Bailey |  15.0 |  15.1 |   N/A |   0.0 |   6.8 | 683.0
               +-------+-------+-------+-------+-------+----------------------

Table legend: (Time is in decaauts)
 A = Elapsed time spent in this place.
 B = Non-inter-level travel time spent in this place.
 C = Inter-level travel time spent in this place.
 D = Time resting spent in this place.
 E = Time spent auto-exploring this place.
 F = Levels seen in this place.
 G = Mean time per level.
                   A        B        C        D        E       F      G
               +--------+--------+--------+--------+--------+-----+--------+
         Total |   9241 |   8723 |    518 |   2297 |   4090 |  11 |  840.1 |
       Dungeon |   8762 |   8257 |    505 |   2174 |   4066 |   9 |  973.6 |
        Temple |     72 |     59 |     13 |      0 |      6 |   1 |   72.0 |
        Bailey |    406 |    406 |      0 |    122 |     18 |   1 |  406.0 |
               +--------+--------+--------+--------+--------+-----+--------+

Top non-repeatable levels by time:
     D:2: 1514 daAuts
     D:7: 1302 daAuts
     D:4: 1225 daAuts
     D:8: 1162 daAuts
     D:5: 1100 daAuts
     D:6: 916 daAuts
     D:1: 687 daAuts
     D:3: 571 daAuts
  Bailey: 406 daAuts
     D:9: 280 daAuts
  Temple: 72 daAuts
